 Dungeon Crawl Stone Soup version 0.22.1-1-ga44c0e5 (webtiles) character file.

298 Folque the Digger (level 6, 0/45 HPs)
             Began as a Draconian Earth Elementalist on Nov 10, 2018.
             Slain by Sigmund
             ... wielding a +0 scythe
              (7 damage)
             ... on level 4 of the Dungeon.
             The game lasted 00:10:11 (3960 turns).

Folque the Digger (Draconian Earth Elementalist)    Turns: 3960, Time: 00:10:13

Health: 0/45       AC:  6    Str: 10    XL:     6   Next: 13%
Magic:  0/12       EV: 12    Int: 17    God:
Gold:   122        SH:  0    Dex: 12    Spells: 2/13 levels left

rFire    . . .     SeeInvis .   k - +1 whip (elec)
rCold    . . .     Gourm    .   (no shield)
rNeg     . . .     Faith    .   (armour unavailable)
rPois    +         Spirit   .   (helmet restricted)
rElec    .         Reflect  .   (no cloak)
rCorr    .         Harm     .   (no gloves)
MR       .....                  (no boots)
Stlth    ++........             (no amulet)
HPRegen  0.15/turn              q - ring of poison resistance
MPRegen  0.13/turn              (no ring)

@: no status effects
A: unfitting armour, claws 1, horns 1, talons 1, sense surroundings 1,
cold-blooded, AC +6
a: no special abilities


You were on level 4 of the Dungeon.
You were not hungry.

You visited 1 branch of the dungeon, and saw 4 of its levels.

You collected 187 gold pieces.
You spent 65 gold pieces at shops.

Inventory:

Hand Weapons
 e - a +0 short sword
 h - a +0 dagger of venom
 k - a +1 whip of electrocution (weapon)
Missiles
 b - 135 stones (quivered)
Jewellery
 l - a +4 ring of intelligence {unknown}
 o - an uncursed ring of fire {unknown}
 q - a ring of poison resistance (left claw)
Scrolls
 f - 3 scrolls of identify
 g - a scroll of amnesia
Potions
 n - a potion of invisibility {unknown}
Comestibles
 c - 6 rations
 i - a chunk of flesh


   Skills:
 - Level 1.7 Dodging
 - Level 1.7 Stealth
 + Level 4.1 Spellcasting
 - Level 2.2 Conjurations
 - Level 1.0 Transmutations
 * Level 4.9 Earth Magic


You had 2 spell levels left.
You knew the following spells:

 Your Spells              Type           Power        Failure   Level  Hunger
a - Sandblast             Erth           ###...       1%          1    None
b - Passwall              Tmut/Erth      ##......     7%          2    ##.....
c - Stone Arrow           Conj/Erth      ###...       11%         3    ###....
d - Lee's Rapid Deconstr  Erth           ###.......   50%         5    ######.

Your spell library contained the following spells:

 Spells                   Type           Power        Failure   Level  Hunger
 Petrify                  Tmut/Erth      ##......     41%         4    ####...


Dungeon Overview and Level Annotations

Branches:
Dungeon (4/15)
 Temple: D:4-7

Altars:
Ashenzari
Cheibriados
Fedhas
Hepliaklqana
Xom

Shops:
D:4 !

Annotations:
D:4 Sigmund


Innate Abilities, Weirdness & Mutations

Your plain brown scales are hard. (AC +6)
You cannot fit into any form of body armour.
You are cold-blooded and may be slowed by cold attacks.
You have sharp fingernails.
You have a pair of small horns on your head.
You have sharp toenails.
You passively map a small area around you.


Message History

The blast of sand hits the orc wizard.
The orc wizard is moderately wounded.
b - 136 stones Something hits you.
* * * LOW HITPOINT WARNING * * *
The bullfrog skeleton barely misses you.
The orc barely misses you. The orc hits you but does no damage.
The orc wizard hits you but does no damage.
Casting: Sandblast (safe; 1% risk of failure)
Confirm with . or Enter, or press ? or * to list all spells.
Aiming: Sandblast (safe; 1% risk of failure)
Press: ? - help, Shift-Dir - straight line, f/p - orc wizard
Aim: an orc wizard, wielding a dagger and wearing a robe (moderately wounded)
The blast of sand misses the orc wizard.
The blast of sand hits the orc.
You kill the orc!
b - 135 stones The bullfrog skeleton barely misses you.
The orc misses you. The orc completely misses you. Something hits you!
You die...

#..................#*,,*
##.................##*,**
#..................#*,,**
##.................#**,,*
##............<....##**,*
#...................# *,,
#.....{.)...........# **,
#.##...Zoo........### **
##*#####@oo...##### *
########


You could see an orc wizard, 3 orcs and a bullfrog skeleton.

Vanquished Creatures
  A phantom (D:4)
  A hound (D:4)
  2 worker ants (D:4)
  3 adders
  A dart slug (D:2)
  2 leopard geckos
  9 orcs
  8 bats
  7 giant cockroaches
  4 goblins
  15 hobgoblins
  5 jackals
  2 quokkas
  A ball python (D:1)
  3 frilled lizards
  9 kobolds
  8 rats
81 creatures vanquished.

Notes
Turn   | Place    | Note
-------+----------+-------------------------------------------
     0 | D:1      | Folque the Draconian Earth Elementalist began the quest for
                  | the Orb.
     0 | D:1      | Reached XP level 1. HP: 14/14 MP: 3/3
   145 | D:1      | Reached XP level 2. HP: 11/20 MP: 1/5
   440 | D:1      | Learned a level 2 spell: Passwall
   889 | D:1      | Reached XP level 3. HP: 21/26 MP: 6/6
  1515 | D:2      | Found a shattered altar of Ashenzari.
  2085 | D:2      | Reached XP level 4. HP: 33/33 MP: 8/8
  2094 | D:2      | Learned a level 3 spell: Stone Arrow
  2712 | D:3      | Reached skill level 1 in Conjurations
  2736 | D:3      | Found a snail-covered altar of Cheibriados.
  3256 | D:3      | Found a hazy altar of Hepliaklqana.
  3257 | D:3      | Found a shimmering altar of Xom.
  3257 | D:3      | Noticed a wyvern
  3258 | D:3      | Noticed a wyvern
  3258 | D:3      | Noticed a spectral ugly thing
  3413 | D:4      | Noticed Sigmund
  3425 | D:4      | Gained mutation: You have sharp fingernails. [potion of
                  | mutation]
  3425 | D:4      | Gained mutation: You have sharp toenails. [potion of
                  | mutation]
  3425 | D:4      | Gained mutation: You have a pair of small horns on your
                  | head. [potion of mutation]
  3425 | D:4      | Gained mutation: You passively map a small area around you.
                  | [potion of mutation]
  3549 | D:4      | Found Hifudomnue's Distillery.
  3551 | D:4      | Reached XP level 5. HP: 38/38 MP: 7/9
  3562 | D:4      | Bought a potion of heal wounds for 65 gold pieces
  3728 | D:4      | Noticed a phantom
  3767 | D:4      | Killed a phantom
  3767 | D:4      | Reached XP level 6. HP: 36/45 MP: 0/12
  3774 | D:4      | Learned a level 5 spell: Lee's Rapid Deconstruction
  3802 | D:4      | Found a blossoming altar of Fedhas.
  3960 | D:4      | Slain by Sigmund

Skill      XL: |  1  2  3  4  5 |
---------------+----------------+-----
Earth Magic    | 4 |  4.9
Conjurations   | 1 2 |  2.2
Spellcasting   | 3 4 |  4.1
Dodging        | |  1.7
Stealth        | |  1.7
Transmutations | |  1.0

Action                   |  1- 3 |  4- 6 || total
-------------------------+-------+-------++-------
Melee: Short sword       |   104 |       ||   104
       Unarmed           |    15 |       ||    15
       Tailslap          |     8 |    10 ||    18
       Whip              |    22 |   102 ||   124
       Headbutt          |       |     2 ||     2
       Kick              |       |     1 ||     1
 Cast: Sandblast         |    10 |    15 ||    25
       Stone Arrow       |       |     8 ||     8
  Use: Potion            |       |     6 ||     6
       Scroll            |       |     7 ||     7
 Stab: Sleeping          |     9 |     5 ||    14
  Eat: Chunk             |     4 |     7 ||    11
Armor: Skin              |    43 |    44 ||    87
Dodge: Dodged            |    77 |   107 ||   184
